 Dungeon Crawl Stone Soup version 0.31.0-11-ge490571c62 (webtiles) character file.

Game seed: 15359356127581487778

4 firemarshallily the Ducker (level 1, 0/18 HPs)
             Began as a Djinni Gladiator on Feb 4, 2024.
             Slain by a goblin
             ... wielding a +0 club
              (1 damage)
             ... on level 1 of the Dungeon.
             The game lasted 00:00:55 (51 turns).

firemarshallily the Ducker (Djinni Gladiator)         Turns: 51, Time: 00:00:56

Health: 0/18       AC:  4    Str: 13    XL:     1   Next: 66%
Gold:   0          EV: 12    Int:  9    God:
                   SH:  0    Dex: 14

rFire   + + .        a - +0 quarterstaff
rCold   x . .        (shield currently unavailable)
rNeg    . . .        b - +0 leather armour
rPois   ∞            c - +0 helmet
rElec   .            (no cloak)
rCorr   .            (no gloves)
SInv    .            (boots unavailable)
Will    .....        (no amulet)
Stlth   +            (no ring)
HPRegen 0.23/turn    (no ring)
MPRegen 0.00/turn

%: infuse magic (-1 HP)
@: flying
A: sickness immunity, fire resistance 2, cold vulnerability 1, float, innate
caster, HP casting, extra vitality 1
a: no special abilities


You were on level 1 of the Dungeon.
You visited 1 branch of the dungeon, and saw 1 of its levels.

Inventory:

Hand Weapons
 a - a +0 quarterstaff (weapon)
Missiles
 d - 3 throwing nets (quivered)
 e - a javelin
Armour
 b - a +0 leather armour (worn)
 c - a +0 helmet (worn)
Scrolls
 f - a scroll of butterflies {unknown}


   Skills:
 * Level 2.0 Fighting
 + Level 2.7 Staves
 - Level 1.5 Throwing
 + Level 0.1 Armour
 - Level 3.2 Dodging
 * Level 0.1 Spellcasting
 * Level 0.1 Conjurations
 * Level 0.1 Hexes
   Level 0.0 Charms
 * Level 0.1 Summonings
 * Level 0.1 Necromancy
 * Level 0.1 Translocations
   Level 0.0 Transmutations
 * Level 0.1 Fire Magic
 * Level 0.1 Ice Magic
 * Level 0.1 Air Magic
 * Level 0.1 Earth Magic
 * Level 0.1 Alchemy You didn't know any spells. Your spell library was empty.

Dungeon Overview and Level Annotations

Branches:
Dungeon (1/15)

Altars:


Innate Abilities, Weirdness & Mutations

You are immune to sickness and miasma.
You are immune to poison.
Your flesh is very heat resistant. (rF++)
You are vulnerable to cold. (rC-)
You float through the air rather than walking.
You learn spells naturally, not from books.
Your magical power is your life essence.
You have superior vitality. (+4 MHP)


Message History

Things that are here:
a +0 dagger of draining; 3 stones; a kobold corpse A frilled lizard comes into view.
The frilled lizard hisses angrily.
You hear a shout!
A goblin comes into view. It is wielding a +0 club.
You see here a scroll labelled JUKLUEBRAE.
A gnoll comes into view. It is wielding a +0 club.
Found a viscous black potion.
The gnoll shouts!
You hit the frilled lizard.
You kill the frilled lizard!
A giant cockroach comes into view.
You see here a frilled lizard corpse.
You barely miss the goblin. The goblin hits you but does no damage.
The goblin closely misses you.
You hit the goblin but do no damage. The goblin hits you with a +0 club.
You closely miss the goblin. The goblin hits you with a +0 club.
The gnoll misses you.
You hit the goblin.
The goblin is almost dead.
The goblin hits you but does no damage. The gnoll hits you but does no damage.
You sock the gnoll!
The gnoll is almost dead.
The giant cockroach bites you. The goblin hits you but does no damage.
The gnoll misses you.
The giant cockroach bites you but does no damage.
You miss the goblin.
The goblin is almost dead.
The goblin misses you. The gnoll hits you with a +0 club!
* * * LOW HITPOINT WARNING * * *
The giant cockroach bites you but does no damage.
You closely miss the goblin.
The goblin is almost dead.
A rat comes into view.
The goblin closely misses you. The gnoll hits you with a +0 club.
* * * LOW HITPOINT WARNING * * *
The giant cockroach barely misses you. The gnoll hits you with a +0 club.
* * * LOW HITPOINT WARNING * * *
The goblin hits you with a +0 club.
You die...

#..............##.#.#.
#.............#.###.#
#..)...........## ##.
#...............# #
##..............#
#.###............##
#......###.####..#
#####?.# #..# ##>#
#.@# ##... #.#
#....Bgg...###.#..
#..........# .
#..........#
######...### ##..# .r.
.!..


You could see a gnoll, a giant cockroach, a goblin and a rat (wandering).

Vanquished Creatures
  A quokka (D:1)
  A bat (D:1)
  A frilled lizard (D:1)
  A kobold (D:1)
  A rat (D:1)
5 creatures vanquished.

Notes
Turn   | Place    | Note
-------+----------+-------------------------------------------
     0 | D:1      | firemarshallily the Djinni Gladiator began the quest for
                  | the Orb.
     0 | D:1      | Reached XP level 1. HP: 18/18 MP: 0/0
    51 | D:1      | Slain by a goblin

Illustrated notes

Levels and vault maps discovered:
D:1:      minmay_arrival_diagonal_passages, layout_rooms,
          hellmonk_ecumenical_altar_slurped_away, serial_shops, shop

Action                     || total
---------------------------++-------
  Melee: Quarterstaff      ||    18
 Armour: Leather armour    ||    20
  Dodge: Dodged            ||    20
